 Dungeon Crawl Stone Soup version 0.23.0-38-g208d714 (webtiles) character file.

Game seed: 1856516248712422745

167 Hasart the Digger (level 5, 0/28 HPs)
             Began as a Deep Elf Earth Elementalist on Feb 28, 2019.
             Slain by a ball python (1 damage)
             ... in a sewer.
             The game lasted 00:05:48 (2587 turns).

Hasart the Digger (Deep Elf Earth Elementalist)     Turns: 2587, Time: 00:05:49

Health: 0/28       AC:  1    Str:  5    XL:     5   Next: 23%
Magic:  1/13       EV: 10    Int: 21    God:
Gold:   142        SH:  0    Dex: 15    Spells: 12/13 levels left

rFire    . . .     SeeInvis .   i - +0 short sword
rCold    + . .     Gourm    .   (no shield)
rNeg     . . .     Faith    .   l - -2 leather armour (curse)
rPois    .         Spirit   .   (no helmet)
rElec    .         Reflect  .   (no cloak)
rCorr    .         Harm     .   (no gloves)
MR       .....                  (no boots)
Stlth    ++........             (no amulet)
HPRegen  0.09/turn              e - ring of protection from cold
MPRegen  0.13/turn              (no ring)

@: constricted
A: no striking features
a: no special abilities


You were in a sewer.
You were not hungry.

You visited 1 branch of the dungeon, and saw 3 of its levels.
You also visited: Sewer.

You collected 142 gold pieces.

Inventory:

Hand Weapons
 i - a +0 short sword (weapon)
Missiles
 b - 57 stones (quivered)
Armour
 c - a +1 robe
 l - a cursed -2 leather armour (worn)
Jewellery
 a - an uncursed amulet of the gourmand {unknown}
 e - a ring of protection from cold (left hand)
Scrolls
 g - 2 scrolls of enchant armour
 h - 2 scrolls of fog
 j - 2 scrolls of identify
 m - a scroll of amnesia {unknown}
 n - a scroll of teleportation
 o - 2 scrolls of magic mapping
Potions
 f - 2 potions of ambrosia
 k - a potion of curing {unknown}
Comestibles
 d - 5 rations


   Skills:
 + Level 3.8 Dodging
 - Level 2.4 Stealth
 + Level 4.5 Spellcasting
   Level 1.1 Transmutations
 * Level 5.2 Earth Magic


You had 12 spell levels left.
You knew the following spells:

 Your Spells              Type           Power        Failure   Level  Hunger
a - Sandblast             Erth           ####..       2%          1    None

Your spell library contained the following spells:

 Spells                   Type           Power        Failure   Level  Hunger
 Passwall                 Tmut/Erth      ###.....     8%          2    #......
 Stone Arrow              Conj/Erth      ###...       21%         3    ##.....
 Petrify                  Tmut/Erth      ###.....     45%         4    ####...
 Lee's Rapid Deconstruct  Erth           ####......   52%         5    ######.


Dungeon Overview and Level Annotations

Branches:
Dungeon (3/15)

Altars:
Ru
Xom


Message History

Press: ? - help, Shift-Dir - straight line, f/p - river rat
Aim: a river rat (almost dead)
The blast of sand hits the river rat!
You kill the river rat!
b - 57 stones The rat completely misses you.
The ball python closely misses you. The ball python grabs you.
The ball python constricts you. The rat barely misses you.
The river rat barely misses you.
Unknown command.
Unknown command.
You closely miss the river rat. The rat barely misses you.
The ball python bites you. The ball python constricts you.
The rat twitches its whiskers.
The rat barely misses you. The river rat bites you!
* * * LOW HITPOINT WARNING * * *
The rat bites you.
* * * LOW HITPOINT WARNING * * *
The rat closely misses you.
You hit the river rat but do no damage. The ball python barely misses you.
You die...

##...## #####...# #..'....#
#..#....# ####...##
**##################....#
***,#≈≈≈≈≈≈≈≈≈≈≈≈≈≈≈......#
**,,,.≈≈≈≈≈rr.≈≈≈≈≈≈≈≈.....#
*,,,,≈≈≈≈≈rS@.≈≈≈≈≈≈≈≈.....#
*,,,,≈≈≈≈≈rrr.≈≈≈≈≈≈≈.....##
**,,,,.≈≈≈≈≈.≈.≈≈≈≈≈≈≈....##
*,,,,,#≈≈≈≈≈≈≈≈≈≈≈≈≈≈≈..###
*,,,,*###################
**,,,** *,,,***** *****
*,,,,+,,* *,,,* *,,,,*,,*
*,∩,*


You could see a river rat, a ball python and 5 rats.

Vanquished Creatures
  6 adders
  4 river rats (Sewer)
  An ooze (D:2)
  2 worms (D:2)
  4 dart slugs (D:1)
  An orc (D:2)
  6 bats
  2 giant cockroaches (D:1)
  5 goblins (D:1)
  6 hobgoblins
  4 jackals (D:3)
  6 ball pythons
  4 frilled lizards
  3 kobolds
  19 rats
73 creatures vanquished.

Notes
Turn   | Place    | Note
-------+----------+-------------------------------------------
     0 | D:1      | Hasart the Deep Elf Earth Elementalist began the quest for
                  | the Orb.
     0 | D:1      | Reached XP level 1. HP: 10/10 MP: 6/6
   152 | D:1      | Found a shimmering altar of Xom.
   287 | D:1      | Reached XP level 2. HP: 15/15 MP: 5/8
   779 | D:1      | Reached skill level 4 in Earth Magic
   828 | D:1      | Reached XP level 3. HP: 19/19 MP: 8/10
  1223 | D:2      | Found a faded altar of an unknown god.
  1363 | D:2      | Reached XP level 4. HP: 24/24 MP: 9/11
  1830 | D:3      | Found a sacrificial altar of Ru.
  1904 | D:3      | Found a glowing drain.
  1909 | Sewer    | Entered a sewer
  2390 | Sewer    | Reached skill level 5 in Earth Magic
  2394 | Sewer    | Reached XP level 5. HP: 19/28 MP: 2/13
  2586 | Sewer    | HP: 1/28 [rat (1)]
  2587 | Sewer    | Slain by a ball python

Skill      XL: |  1  2  3  4 |
---------------+-------------+-----
Earth Magic    | 4 5 |  5.2
Dodging        | 3 |  3.8
Spellcasting   | 4 |  4.5
Stealth        | |  2.4
Transmutations | |  1.1

Action                   |  1- 3 |  4- 6 || total
-------------------------+-------+-------++-------
Melee: Unarmed           |     8 |       ||     8
       Short sword       |     1 |     3 ||     4
 Cast: Sandblast         |    40 |    53 ||    93
  Use: Scroll            |     4 |     3 ||     7
 Stab: Sleeping          |     1 |       ||     1
  Eat: Chunk             |     1 |     4 ||     5
Armor: Robe              |     3 |       ||     3
       Leather armour    |       |     1 ||     1
Dodge: Dodged            |    13 |    19 ||    32
